 Dungeon Crawl Stone Soup version 0.31-a0-1074-g0b22e4e0f1 (webtiles) character file.

Game seed: 11478719188272998854

23 wildpjah the Ducker (level 2, -1/23 HPs)
             Began as a Merfolk Gladiator on Dec 5, 2023.
             Frozen to death by an endoplasm (4 damage)
             ... on level 2 of the Dungeon.
             The game lasted 00:01:14 (678 turns).

wildpjah the Ducker (Merfolk Gladiator)              Turns: 678, Time: 00:01:16

Health: -1/23      AC:  5    Str: 14    XL:     2   Next: 95%
Magic:  2/2        EV: 13    Int:  7    God:
Gold:   54         SH:  0    Dex: 15    Spells: 1/1 levels left

rFire   . . .        a - +0 long sword
rCold   . . .        (no shield)
rNeg    . . .        b - +0 leather armour
rPois   .            c - +0 helmet
rElec   .            (no cloak)
rCorr   .            (no gloves)
SInv    .            g - +0 pair of boots
Will    .....        (no amulet)
Stlth   +            (no ring)
HPRegen 0.23/turn    (no ring)
MPRegen 0.08/turn

%: no passive effects
@: no status effects
A: (nimble swimmer 2), mertail
a: no special abilities


You were on level 2 of the Dungeon.
You visited 1 branch of the dungeon, and saw 2 of its levels.

You collected 54 gold pieces.

Inventory:

Hand Weapons
 a - a +0 long sword (weapon)
Missiles
 d - 3 throwing nets (quivered)
 e - a javelin
Armour
 b - a +0 leather armour (worn)
 c - a +0 helmet (worn)
 g - a +0 pair of boots (worn)
Scrolls
 i - a scroll of fog {unknown}
Potions
 f - 2 potions of lignification {unknown}
 h - a potion of mutation {unknown}


   Skills:
 + Level 2.6 Fighting
 + Level 4.0 Long Blades
 + Level 2.1 Throwing
 * Level 4.5 Dodging


You had one spell level left.
You didn't know any spells.
Your spell library was empty.

Dungeon Overview and Level Annotations

Branches:
Dungeon (2/15)

Altars:


Innate Abilities, Weirdness & Mutations

((You are very nimble when in or above water. (Stealth+, EV+, Speed+++)))
Your lower body shifts to a powerful aquatic tail in water.


Message History

You now have 54 gold pieces (gained 12).
Found a stone staircase leading up.
No target in view!
An endoplasm comes into view.
Found 17 gold pieces.
A worm comes into view.
The endoplasm misses you.
You barely miss the endoplasm. The endoplasm closely misses you.
You slash the worm!
The worm is heavily wounded.
The endoplasm closely misses you. The worm bites you.
You barely miss the worm.
The worm is moderately wounded.
The endoplasm misses you. The worm bites you but does no damage.
The endoplasm hits you but does no damage.
You completely miss the worm.
The worm is moderately wounded.
The endoplasm closely misses you.
You barely miss the worm.
The worm is moderately wounded.
The worm barely misses you. The endoplasm freezes you.
You are frozen.
You slash the worm!
The worm is severely wounded.
The endoplasm completely misses you. The worm barely misses you.
You hit the worm.
The worm is severely wounded.
The endoplasm closely misses you.
You completely miss the worm.
The worm is severely wounded.
The endoplasm hits you but does no damage.
The worm bites you. The endoplasm closely misses you.
You hit the worm but do no damage.
The worm is heavily wounded.
The worm bites you!
* * * LOW HITPOINT WARNING * * *
The endoplasm freezes you.
You are frozen.
You die...

#. #...)....#. . #.
#######.##. .. ##.##
##### #.##. #$
#...#####...# #.###
#..#.........#.# #.###
#......#####...####....
#.##...# ##........##
###.# ##..#####.# #@#
#...#####.# #.wJ..#
#......##.# #.....#
#...##.##.# #.....#
##........# #.....#
#.######## #.....# #.#
####### #.# #.# #<#


You could see a worm and an endoplasm.

Vanquished Creatures
  A dart slug (D:1)
  5 ball pythons
  3 endoplasms
  A goblin (D:2)
  3 hobgoblins (D:1)
  A bat (D:1)
  3 frilled lizards (D:1)
  2 kobolds (D:1)
  A rat (D:1)
20 creatures vanquished.

Notes
Turn   | Place    | Note
-------+----------+-------------------------------------------
     0 | D:1      | wildpjah the Merfolk Gladiator began the quest for the Orb.
     0 | D:1      | Reached XP level 1. HP: 16/16 MP: 1/1
   106 | D:1      | Reached XP level 2. HP: 23/23 MP: 2/2
   512 | D:1      | You fall into a shaft and drop 1 floor!
   678 | D:2      | Frozen to death by an endoplasm

Illustrated notes

Levels and vault maps discovered:
D:1:      lightli_molten_gateway, layout_loops_ring,
          shapermc_ecumenical_altar_acropolis
D:2:      layout_loops_cross, basic_altar

Skill      XL: |  1  2 |
---------------+-------+-----
Long Blades    | 4 |  4.0
Fighting       | |  2.6
Throwing       | |  2.1
Dodging        | |  4.5

Action                     || total
---------------------------++-------
  Melee: Long sword        ||    53
 Armour: Leather armour    ||    22
  Dodge: Dodged            ||    36

Table legend: (Time is in decaauts)
 A = Elapsed time spent in this place.
 B = Non-inter-level travel time spent in this place.
 C = Inter-level travel time spent in this place.
 D = Time resting spent in this place.
 E = Time spent auto-exploring this place.
 F = Levels seen in this place.
 G = Mean time per level.
                   A        B        C        D        E       F      G
               +--------+--------+--------+--------+--------+-----+--------+
         Total |    688 |    688 |      0 |      0 |    547 |   2 |  344.0 |
       Dungeon |    688 |    688 |      0 |      0 |    547 |   2 |  344.0 |
               +--------+--------+--------+--------+--------+-----+--------+

Top non-repeatable levels by time:
     D:1: 518 daAuts
     D:2: 169 daAuts
